AoeStats
← _Orca_

Pilgrims

508103174Analyzed
4v4 RM · 11d ago on Sep 20, 2026· 25m 44s· 8 players
Game mode
Random Map
Map size
Large (8 player)
Population
200
Speed
Normal
Resources
Standard
Victory
Conquest
Starting age
Dark Age
Ending age
Imperial Age
RankedLock teamsTeams togetherTeam positionsShared explorationLock speedFull tech treeHidden civsTurbo modeCheats
Victory
Defeat
🇺🇸 Japanese · United States
1377
+16
🇩🇪 Dravidians · Germany
1363
+16
🇧🇩 Armenians · Bangladesh
1352
+17
🇺🇸 Georgians · United States
1351
+17
🇦🇷 Lithuanians · Argentina
1427
-19
🇩🇪 Turks · Germany
1401
-18
🇦🇷 Tupi · Argentina
1343
-15
1302
-14
Ryan Lunzen
13:04 Feudal Age
15:46 Forging
18:53 Castle Age
16:43 Double-Bit Axe
16:58 Stone Mining
20:04 Medium Warships
20:20 Fletching
21:20 Bodkin Arrow
22:00 Iron Casting
24:24 Imperial Age
22:23 Ballistics
22:17 Murder Holes
25:31 Town Watch
25:37 Loom
Queens_StoneAge
4:22 Loom
10:36 Feudal Age
15:40 Castle Age
13:36 Double-Bit Axe
20:45 Horse Collar
Monty
10:23 Feudal Age
8:40 Loom
11:32 Fishing Lines
15:08 Castle Age
13:46 Double-Bit Axe
16:06 Gillnets
16:53 Forging
18:02 Man-at-Arms
18:27 Gambesons
18:28 Arson
18:59 Long Swordsman
22:21 Scale Mail Armor
24:11 Squires
_Orca_
5:37 Loom
11:20 Feudal Age
11:31 Man-at-Arms
12:02 Arson
12:17 Long Swordsman
14:05 Double-Bit Axe
14:12 Gold Mining
15:22 Wheelbarrow
17:50 Scale Mail Armor
18:01 Forging
17:38 Town Watch
22:07 Castle Age
21:43 Fletching
23:10 Bow Saw
22:23 Two-Handed Swordsman
22:49 Gambesons
24:51 Hand Cart
Oh Bossom
4:30 Loom
10:52 Feudal Age
11:54 Double-Bit Axe
13:09 Fishing Lines
13:47 Town Watch
16:55 Castle Age
16:07 Stone Mining
17:53 Medium Warships
20:01 Wheelbarrow
21:30 Gold Mining
The Spirit of Bonnie Blue
4:21 Loom
12:41 Feudal Age
14:18 Double-Bit Axe
17:05 Castle Age
17:22 Wheelbarrow
17:11 Town Watch
18:27 Forging
21:26 Scale Barding Armor
23:17 Husbandry
ReBeL_persi
10:21 Loom
12:35 Feudal Age
16:39 Castle Age
15:11 Double-Bit Axe
15:38 Horse Collar
17:33 Medium Warships
23:30 Scale Barding Armor
23:36 Forging
23:57 Bloodlines
LordofSun
8:03 Loom
12:22 Feudal Age
16:32 Castle Age
15:13 Fletching
17:44 Bodkin Arrow
Connection lost

Rejoining the realm…

Still unreachable

The connection could not be restored.

Session expired

The server has moved on; the page needs a fresh start.